[Event "Late-Titled-Tuesday-Blitz-May-28-2024"]
[Site "Chess.com"]
[Date "2024.05.28"]
[Round "3"]
[White "GAZZAN_3000"]
[Black "HansOnTwitch"]
[Result "0-1"]
[WhiteElo "2675"]
[BlackElo "3126"]
[TimeControl "180+1"]
[EndTime "14:28:55 PDT"]
[Termination "HansOnTwitch won by checkmate"]

1. d4 Nf6 2. Nf3 g6 3. c4 Bg7 4.
Nc3 O-O 5. g3 d6 6. Bg2 Nc6 7.
O-O Bg4 8. d5 Na5 9. b3 e5 10.
dxe6 Bxe6 11. Bb2 Nc6 12. Nd4 Bd7 13. Nxc6 bxc6 14. Qd2 Re8 15. e3 h5 16. Ne2 h4 17.
Nd4 Ne4 18. Qc2 Qe7 19. Rae1 h3 20. Bh1 a5 21. Ne2 Bxb2 22. Qxb2 a4 23. Nf4 Ng5 24. b4 a3 25. Qc3 Qe5 26. Qd2 Rab8 27. Nd3 Qf5 28.
f3 Qf6 29. Nf4 Qb2 30. Qxb2 axb2 31. Nd3 Ra8 32. Nxb2 Rxa2 33. Nd3 Rea8 34. Rf2 R2a3 35. Nf4 Rc3 36. c5 d5 37. Rb2 Rb8 38. Ree2 Bf5 39. Re1 Rxc5 40. g4 Rc2 41. Rxc2 Bxc2 42. Rc1 Ba4 43.
Nd3 Bb5 44. Ne5 Re8 45. f4 Re6 46. Kf2 Nh7 47. g5 Nxg5 48. Nxc6 Ne4+ 49. Bxe4 Rxe4 50. Nd4 Bc4 51. Ra1 Re8 52. Ra7 Rb8 53. Nc6 Rb6 54. Rxc7 Ra6 55. Ne7+ Kg7 56. Rc5 Ra2+ 57. Kg3 Bf1 58.
Nxd5 Rb2 59. b5 Rg2+ 60. Kf3 Rxh2 61. Rc1 Bxb5 62. Kg3 Rd2 63. Nc3 Bd7 64. Ne4 Rg2+ 65. Kf3 Bg4# 0-1

[Event "Late-Titled-Tuesday-Blitz-May-28-2024"]
[Site "Chess.com"]
[Date "2024.05.28"]
[Round "3"]
[White "ural58"]
[Black "HowTo2Draw"]
[Result "1/2-1/2"]
[WhiteElo "2415"]
[BlackElo "2566"]
[TimeControl "180+1"]
[EndTime "14:28:55 PDT"]
[Termination "Game drawn by agreement"]

1. e4 e5 2. f4 d5 3. exd5 exf4 4. Nf3 Bd6 5. d4 Nf6 6. c4 O-O 7. c5 Re8+ 8. Be2 Bf8 9. Bxf4 Nxd5 10. Qd2 Nxf4 11.
Qxf4 Nc6 12. Nc3 Nb4 13. O-O-O Be6 14. a3 Nd5 15. Nxd5 Qxd5 16. Bd3 b6 17. Ng5 h6 18. Nxe6 Rxe6 19. cxb6 cxb6 20. Kb1 Rd8 21. Rhf1 Rf6 22. Qe3 Rxf1 23. Bxf1 Bc5 24. Qf3 Qxf3 25. gxf3 Rxd4 26.
Rxd4 Bxd4 27. b3 f5 28. Kc2 Kf7 29. Kd3 Be5 30. h3 Kf6 31. Ke3 Kg5 32. Kf2 Kf4 33. Kg2 Bd4 34. Bc4 a5 35. a4 Be5 36. Bg8 Ke3 37.
Bf7 f4 38. Bg8 g5 39. Bf7 Kd3 40. Be6 Kc3 41. Bf7 Bd4 42. Be6 Be3 43. Bf7 Kb4 44.
Be6 b5 45. axb5 Kxb5 46. Bf7 Kb4 47. Bg8 a4 48. bxa4 Kxa4 49. Bf7 Kb4 50. Be8 1/2-1/2

[Event "Late-Titled-Tuesday-Blitz-May-28-2024"]
[Site "Chess.com"]
[Date "2024.05.28"]
[Round "3"]
[White "Shankland"]
[Black "Karttunen"]
[Result "1-0"]
[WhiteElo "2997"]
[BlackElo "2654"]
[TimeControl "180+1"]
[EndTime "14:28:56 PDT"]
[Termination "Shankland won on time"]

1. e4 c5 2. Nf3 d6 3. d4 cxd4 4. Nxd4 Nf6 5. Nc3 a6 6. Be2 e5 7.
Nb3 Be7 8. Be3 Be6 9. Nd5 Bxd5 10. exd5 Nbd7 11. Qd2 O-O 12. Na5 Qc7 13. O-O Ne4 14. Qb4 Nec5 15. f3 f5 16. Rfe1 Bf6 17. a4 Rae8 18. Nb3 Rc8 19. Nxc5 Nxc5 20. a5 Kh8 21. Bf1 g5 22. Qa3 e4 23. b4 Nd7 24. fxe4 f4 25. Bf2 g4 26. c4 Be5 27.
Rac1 Qd8 28. Qd3 Qf6 29. Red1 Rg8 30. Bd4 g3 31. h3 f3 32. Qe3 Rcf8 33. c5 Bxd4 34.
Qxd4 Ne5 35. cxd6 fxg2 36. Bxg2 Qf2+ 37. Kh1 Qxd4 38. Rxd4 Rf2 39. Rf1 Rgf8 40. Rxf2 Rxf2 41. Rd1 Rb2 42. Rc1 Nd3 43. d7 1-0

[Event "Late-Titled-Tuesday-Blitz-May-28-2024"]
[Site "Chess.com"]
[Date "2024.05.28"]
[Round "3"]
[White "GMG"]
[Black "Manukyan_Artak"]
[Result "1-0"]
[WhiteElo "2819"]
[BlackElo "2565"]
[TimeControl "180+1"]
[EndTime "14:28:56 PDT"]
[Termination "GMG won by resignation"]

1. Nf3 g6 2. d4 Bg7 3. e4 d6 4.
Bc4 Nf6 5. Qe2 O-O 6. e5 dxe5 7. dxe5 Nd5 8. h3 c6 9. O-O b5 10. Bd3 Na6 11. c4 bxc4 12. Bxc4 Nc5 13. Rd1 Qc7 14. b3 Ne6 15. Qe4 Bb7 16. Bb2 Rfd8 17. Nc3 Nxc3 18. Bxc3 c5 19. Qe3 Qc6 20. a4 a6 21.
h4 h6 22. Rac1 Qe4 23. Qxe4 Bxe4 24. Rxd8+ Rxd8 25. Bxa6 Bxf3 26. gxf3 Nd4 27. Bxd4 cxd4 28. Bd3 Bxe5 29. b4 Ra8 30. a5 Bd6 31. Rb1 e5 32. a6 f5 33. b5 Bc5 34. Rc1 Bb6 35. Rc6 Rb8 36. Rxg6+ Kf7 37. Rxb6 Rxb6 38. a7 Rg6+ 39. Kf1 Rg8 40. b6 Ke7 41. b7 e4 42.
fxe4 1-0

[Event "Late-Titled-Tuesday-Blitz-May-28-2024"]
[Site "Chess.com"]
[Date "2024.05.28"]
[Round "3"]
[White "CDOEspiao"]
[Black "PhileKhoob"]
[Result "0-1"]
[WhiteElo "2529"]
[BlackElo "2331"]
[TimeControl "180+1"]
[EndTime "14:28:57 PDT"]
[Termination "PhileKhoob won by checkmate"]

1. d4 d5 2. Nc3 Nf6 3. Bf4 Bf5 4. Nb5 Na6 5. f3 c6 6. Nc3 e6 7. g4 Bg6 8. h4 h6 9. e3 Bd6 10. Bxa6 bxa6 11. Nge2 Rb8 12. Na4 Bxf4 13. Nxf4 Qa5+ 14. c3 Nd7 15. b4 Qb5 16. Nxg6 fxg6 17. Qc2 O-O 18. Kf2 e5 19. Nc5 Nxc5 20. bxc5 Qb2 21.
Rhc1 e4 22. f4 Rb7 23. Ke2 Rfb8 24. Kd2 Qa3 25. Rcb1 Rb2 26. Kd1 Kh7 27. h5 Rxc2 28.
hxg6+ Kxg6 29. Kxc2 Rxb1 30. Rxb1 Qxa2+ 31. Rb2 Qc4 32. Rb7 Qe2+ 33. Kb3 Qxe3 34. f5+ Kf6 35. Rxa7 Qd3 36. Rc7 Qb5+ 37. Kc2 e3 38. Rc8 e2 39.
Re8 a5 40. Kd2 a4 41. Re6+ Kf7 42. c4 Qxc4 43. Rxc6 Qb4+ 44. Ke3 e1=Q+ 45. Kf3 Qbc3+ 46. Kf4 Qee3# 0-1

[Event "Late-Titled-Tuesday-Blitz-May-28-2024"]
[Site "Chess.com"]
[Date "2024.05.28"]
[Round "3"]
[White "RespectfulDaveOnYouTube"]
[Black "dozer80"]
[Result "0-1"]
[WhiteElo "2478"]
[BlackElo "2695"]
[TimeControl "180+1"]
[EndTime "14:28:58 PDT"]
[Termination "dozer80 won on time"]

1. e4 c5 2. Nf3 Nc6 3. Bb5 Na5 4. d4 a6 5. Be2 cxd4 6. Nxd4 e6 7. O-O b5 8. a4 b4 9. Bf3 Bb7 10. Nd2 Rc8 11.
b3 Ne7 12. Bb2 Ng6 13. Nf5 f6 14. Bh5 Rc5 15. Re1 Kf7 16. Nd4 Qc7 17. Nc4 Nxc4 18. bxc4 Rxc4 19. Nf3 Rxc2 20. Rc1 b3 21. Rxc2 bxc2 22.
Qd2 Be7 23. Re2 Rc8 24. Qc1 Qc4 25. Nd4 Qd3 26. Rxc2 Qxe4 27. Bf3 Rxc2 28. Nxc2 Qxa4 29. Bxb7 Nf4 30. Bf3 e5 31. Ne3 e4 32.
Bd1 Qa5 33. Qc4+ d5 34. Qc3 Qb5 35. g3 Nd3 36. Ba3 d4 0-1

[Event "Late-Titled-Tuesday-Blitz-May-28-2024"]
[Site "Chess.com"]
[Date "2024.05.28"]
[Round "3"]
[White "Kombinator01"]
[Black "Galileo22"]
[Result "0-1"]
[WhiteElo "2473"]
[BlackElo "2653"]
[TimeControl "180+1"]
[EndTime "14:28:58 PDT"]
[Termination "Galileo22 won by checkmate"]

1. d4 d6 2. e4 Nf6 3. Nc3 e5 4. Nf3 Nbd7 5. Bc4 c6 6. a4 Be7 7.
O-O Qc7 8. Qe2 b6 9. dxe5 dxe5 10. Ng5 O-O 11. Bxf7+ Rxf7 12. Qc4 Nf8 13. Qxf7+ Kh8 14. Qc4 h6 15. Nf3 Be6 16. Qe2 Ng6 17. b3 Rf8 18. a5 b5 19. Be3 Nh5 20. Qd2 Rxf3 21. gxf3 Bb4 22. Bxh6 Nh4 23. Kh1 Qf7 24. Qg5 Qxf3+ 25. Kg1 Be7 26. Bxg7+ Nxg7 27. Qg3 Qh5 28.
f4 exf4 29. Rxf4 Ng6 30. Rff1 Bc5+ 31. Kh1 Bd4 32. Rad1 Be5 33. Qg2 Bh3 34. Qf3 Bg4 35. Rd8+ Kh7 36. Qg2 Nh4 37. Qf2 Bf3+ 38. Qxf3 Nxf3 39.
Kg2 Nh4+ 40. Kh1 Bxc3 41. Rd7 Qg4 42. Rff7 Qg2# 0-1

[Event "Late-Titled-Tuesday-Blitz-May-28-2024"]
[Site "Chess.com"]
[Date "2024.05.28"]
[Round "3"]
[White "David_ATM"]
[Black "Alina_Gumerovna"]
[Result "1-0"]
[WhiteElo "2426"]
[BlackElo "2173"]
[TimeControl "180+1"]
[EndTime "14:28:59 PDT"]
[Termination "David_ATM won on time"]

1. e4 e5 2. Nf3 Nf6 3. Nc3 Bb4 4. Bc4 O-O 5. d3 d5 6. exd5 Nxd5 7. Bd2 Nxc3 8.
bxc3 Bd6 9. O-O Bg4 10. h3 Bh5 11. Re1 Nd7 12. Rb1 Rb8 13. g4 Bg6 14. Bg5 Be7 15. Be3 c5 16. Bd2 Bd6 17. Bd5 b5 18.
Bc6 b4 19. cxb4 cxb4 20. Bxd7 Qxd7 21. Nxe5 Qa4 22. Rb2 Rfe8 23. Nxg6 hxg6 24. Rxe8+ Rxe8 25. Qf3 Qa3 26. Rb3 Qxa2 27. Qc6 Qa1+ 28. Kg2 Rd8 29. Bxb4 Bxb4 30. Rxb4 Qa5 31. Rb7 Qa2 32. Qc7 Qd5+ 33. f3 Rf8 34. Rxa7 Qd4 35. Rb7 Kh7 36. Qd7 1-0

[Event "Late-Titled-Tuesday-Blitz-May-28-2024"]
[Site "Chess.com"]
[Date "2024.05.28"]
[Round "3"]
[White "GiorgianBarbosa"]
[Black "GoltsevDmitry2000"]
[Result "1-0"]
[WhiteElo "2517"]
[BlackElo "2736"]
[TimeControl "180+1"]
[EndTime "14:29:00 PDT"]
[Termination "GiorgianBarbosa won by checkmate"]

1. c4 e5 2. g3 d5 3. cxd5 Qxd5 4.
Nf3 Nf6 5. Bg2 e4 6. Nc3 Qa5 7. Nd4 Qe5 8. Ndb5 a6 9. d4 Qe7 10. Na3 b5 11. Nc2 Bb7 12. O-O Nbd7 13. d5 h6 14. Qd4 c5 15. dxc6 Bxc6 16. Ne3 Qe5 17.
Rd1 Qxd4 18. Rxd4 Bc5 19. Rd1 O-O 20. a3 Rfd8 21. b4 Bb6 22. Nf5 Kf8 23. Bf4 Bb7 24. Bd6+ Kg8 25. Rac1 Kh7 26. Bf4 Nf8 27. Nd6 Ra7 28.
Nxb7 Rxd1+ 29. Rxd1 Rxb7 30. Nxe4 N8d7 31. Nxf6+ Nxf6 32. Bxb7 Ng4 33. e3 g5 34. Bb8 a5 35.
Be4+ Kg7 36. Bf5 h5 37. Bxg4 hxg4 38. Rd5 Kh6 39. Rxb5 Bd8 40. bxa5 f5 41. a6 f4 42. a7 f3 43. a8=Q Bf6 44. Qe4 Kg7 45. Rb7+ Kf8 46. Qe6 Be7 47. Qxe7+ Kg8 48. Qg7# 1-0

[Event "Late-Titled-Tuesday-Blitz-May-28-2024"]
[Site "Chess.com"]
[Date "2024.05.28"]
[Round "3"]
[White "janhelmer03"]
[Black "juancruzarias"]
[Result "1/2-1/2"]
[WhiteElo "2402"]
[BlackElo "2658"]
[TimeControl "180+1"]
[EndTime "14:29:00 PDT"]
[Termination "Game drawn by repetition"]

1. Nf3 d5 2. e3 Nf6 3. c4 c6 4.
Nc3 Bg4 5. cxd5 cxd5 6. Qb3 Bc8 7. d4 Nc6 8. Bd2 e6 9. Rc1 Be7 10. Bd3 O-O 11. O-O a6 12. Ne5 Nxe5 13. dxe5 Nd7 14.
f4 Nc5 15. Qc2 Nxd3 16. Qxd3 Bd7 17. Rf3 f5 18. exf6 Bxf6 19. Rh3 g6 20. Be1 Rc8 21. Rd1 Qb6 22. b3 Bb5 23. Nxb5 Qxb5 24. Qxb5 axb5 25.
e4 dxe4 26. Re3 Rfd8 27. Rxd8+ Bxd8 28. Rxe4 Kf7 29. Kf2 Bb6+ 30. Kf3 Rc2 31. Re2 Rc1 32. Bf2 Bxf2 33. Kxf2 Ra1 34. Kf3 Kf6 35. Ke4 b4 36.
Kd4 Rc1 37. g3 h6 38. Rd2 Kf5 39. Re2 Kf6 40. Ke4 Rd1 41. Rc2 h5 42. Rc4 Rd2 43. Rxb4 Rxa2 44. h4 Ra7 45. Rb6 Ke7 46.
b4 Kf6 47. Rb5 Ra3 48. Rxb7 Rxg3 49. b5 Rb3 50. b6 Rb4+ 51. Kf3 Rb3+ 52. Ke4 Rb4+ 53.
Ke3 Rb3+ 54. Ke4 1/2-1/2

[Event "Late-Titled-Tuesday-Blitz-May-28-2024"]
[Site "Chess.com"]
[Date "2024.05.28"]
[Round "3"]
[White "GMTalks_Youtube"]
[Black "Hikaru"]
[Result "0-1"]
[WhiteElo "2783"]
[BlackElo "3212"]
[TimeControl "180+1"]
[EndTime "14:29:01 PDT"]
[Termination "Hikaru won by resignation"]

1. d4 g6 2. e4 Bg7 3. Nf3 c6 4. Bd3 d5 5. e5 c5 6. c3 Nc6 7. O-O Bg4 8. Nbd2 cxd4 9. cxd4 e6 10. h3 Bxf3 11. Nxf3 Nge7 12. Rb1 Qb6 13. b4 O-O 14.
Be3 Rac8 15. Qd2 Nf5 16. Bxf5 exf5 17. Rfc1 Rfe8 18. Rc5 Bf8 19. Rxd5 Bxb4 20. Qe2 Qa6 21. Qxa6 bxa6 22. Rd7 Red8 23. Rxd8+ Rxd8 24. Rc1 Ne7 25. Bg5 Rd7 26. Rc4 Ba5 27. Ra4 Bb6 28. Rxa6 Nd5 29.
Ra4 Rc7 30. g3 Rc3 31. Kg2 Kf8 32. Bd2 Rc2 33. Ba5 h6 34. Bxb6 axb6 35. Ra8+ Ke7 36.
Ra7+ Ke6 37. Rb7 g5 38. Kf1 Rxa2 39. Rb8 Ke7 40. Rh8 Nc3 41. Rxh6 Ne4 42. Ke1 Ra3 43.
Rxb6 Rxf3 44. d5 Rd3 45. f3 Nxg3 46. Rb7+ Kf8 47. e6 fxe6 48. dxe6 Re3+ 49. Kf2 f4 50. Rb5 Re2+ 51. Kg1 Rxe6 52. Rxg5 Ra6 53. Rg4 Ra4 54.
h4 Kf7 55. Kg2 Kf6 56. Kh3 Nf5 57. Rg8 Ne3 58. Rf8+ Kg7 59. Re8 Ra1 60. Kh2 Kg6 61. Re4 Kf5 62. Re8 Rf1 63. Rf8+ Ke5 64. Re8+ Kd5 65.
h5 Rxf3 66. Rf8 Ng4+ 67. Kg2 Rg3+ 68. Kf1 Ke4 0-1

[Event "Late-Titled-Tuesday-Blitz-May-28-2024"]
[Site "Chess.com"]
[Date "2024.05.28"]
[Round "3"]
[White "Kielinkei"]
[Black "YurasovMat-2012"]
[Result "1-0"]
[WhiteElo "2446"]
[BlackElo "2574"]
[TimeControl "180+1"]
[EndTime "14:29:01 PDT"]
[Termination "Kielinkei won on time"]

1. c4 c6 2. Nf3 Nf6 3. d4 d5 4. e3 Bf5 5. Qb3 Qb6 6. Nc3 e6 7.
Bd2 Na6 8. Be2 Qxb3 9. axb3 Bc2 10. Bd1 Nb4 11. O-O Bd3 12. Be2 Bc2 13. Bd1 Bf5 14. Ne5 Nd7 15. Nxd7 Kxd7 16. f3 Bd3 17. Be2 Be7 18.
e4 Bf6 19. e5 Bd8 20. Bxd3 Nxd3 21. Ra2 c5 22. dxc5 Nxc5 23. cxd5 Nxb3 24. Be3 Bb6 25.
Bxb6 axb6 26. Rxa8 Rxa8 27. Rd1 exd5 28. Nxd5 Kc6 29.
Ne7+ Kc5 30. Nf5 Ra2 31. Nxg7 Rxb2 32. Rd7 Nd4 33. Rxf7 Kc6 34. e6 Rb1+ 35. Kf2 Rb2+ 36. Ke3 Nc2+ 37. Kf4 Rb4+ 38. Kg5 1-0

[Event "Late-Titled-Tuesday-Blitz-May-28-2024"]
[Site "Chess.com"]
[Date "2024.05.28"]
[Round "3"]
[White "zajka-molotok"]
[Black "mostafa_sakha"]
[Result "0-1"]
[WhiteElo "2532"]
[BlackElo "2356"]
[TimeControl "180+1"]
[EndTime "14:29:03 PDT"]
[Termination "mostafa_sakha won by resignation"]

1. e4 e5 2. Nf3 Nc6 3. Nc3 Nf6 4. Bb5 Bb4 5. O-O O-O 6. Bxc6 dxc6 7. d3 Nd7 8. Ne2 Bd6 9. Ng3 Nc5 10. Be3 Ne6 11.
a4 a5 12. Nd2 g6 13. Nc4 c5 14. Ne2 b6 15. Nxd6 Qxd6 16. f4 exf4 17. Nxf4 f5 18. Nd5 Bb7 19. c4 fxe4 20. dxe4 Rxf1+ 21. Qxf1 Rf8 22. Qd3 Bxd5 23. Qxd5 Qxd5 24. cxd5 Nf4 25. Bxf4 Rxf4 26. Re1 Kf7 27. Rf1 Rxf1+ 28. Kxf1 Kf6 29. Ke2 Ke5 30. Ke3 c4 31. Kf3 b5 32. axb5 a4 33.
Ke3 c3 34. Kd3 cxb2 35. Kc2 a3 36. Kb1 Kd6 37. Kc2 Kc5 38. Kb1 Kxb5 39. e5 Kc5 40. d6 cxd6 41. e6 Kc6 42. Ka2 Kc7 43. Kb1 Kd8 44. Ka2 Ke7 45. g4 Kxe6 0-1

[Event "Late-Titled-Tuesday-Blitz-May-28-2024"]
[Site "Chess.com"]
[Date "2024.05.28"]
[Round "3"]
[White "Navyblue1"]
[Black "Valiyev_Shahin"]
[Result "0-1"]
[WhiteElo "2236"]
[BlackElo "2529"]
[TimeControl "180+1"]
[EndTime "14:29:04 PDT"]
[Termination "Valiyev_Shahin won by resignation"]

1. d4 Nf6 2. c4 e6 3. Nf3 d5 4. Nc3 Be7 5. cxd5 exd5 6. Bg5 c6 7.
e3 Bf5 8. Bd3 Bxd3 9. Qxd3 O-O 10.
O-O Nbd7 11. Rab1 a5 12. Rfe1 Re8 13. a3 Ne4 14. Bxe7 Qxe7 15. Nd2 Nd6 16. f3 f5 17. Re2 Qf7 18. Rbe1 Re7 19. e4 dxe4 20. fxe4 fxe4 21. Ndxe4 Nxe4 22. Rxe4 Rae8 23. Rxe7 Rxe7 24. Rxe7 Qxe7 25.
Qe4 Kf7 26. Kf2 Nf6 27. Qxe7+ Kxe7 28. Kf3 Kd6 29. Ne4+ Kd5 30. Nxf6+ gxf6 31. Ke3 Kc4 32. Ke4 Kb3 33. Kf5 Kxb2 34. Kxf6 Kxa3 35. h4 Kb4 36. g4 a4 37. h5 a3 38. g5 a2 39. g6 a1=Q 40. g7 Qxd4+ 41. Kf7 Qd5+ 42. Kf8 Qf5+ 43. Ke7 Qg5+ 44. Kf8 Qf6+ 45. Kg8 Qg5 46. Kh8 Qxh5 47. g8=Q Qe5+ 48. Kxh7 Qh5+ 49. Kg7 Qg5+ 50. Kf8 Qxg8+ 51. Kxg8 c5 0-1

[Event "Late-Titled-Tuesday-Blitz-May-28-2024"]
[Site "Chess.com"]
[Date "2024.05.28"]
[Round "3"]
[White "LUISMIGUELOV"]
[Black "momotaro77"]
[Result "0-1"]
[WhiteElo "2235"]
[BlackElo "2525"]
[TimeControl "180+1"]
[EndTime "14:29:05 PDT"]
[Termination "momotaro77 won by resignation"]

1. d4 Nf6 2. c3 e6 3. Bg5 d5 4. Nd2 c5 5. e3 h6 6. Bh4 Nc6 7. Bd3 Bd6 8. f4 g5 9. fxg5 Nd7 10. Ngf3 Be7 11. O-O hxg5 12. Bg3 g4 13. Ne5 Ndxe5 14. dxe5 Bg5 15. Bf4 g3 16. hxg3 Bxf4 17. exf4 c4 18. Bc2 Qb6+ 19. Rf2 Bd7 20. b4 O-O-O 21. a4 Rh1+ 22.
Kxh1 Qxf2 23. Nf3 Rh8+ 24. Nh2 Qxg3 25. Qg1 Ne7 26. Rf1 Qxc3 27. Bb1 Kb8 28. b5 a6 29. bxa6 Bc6 30. axb7 d4 31. a5 Nd5 32. Rf3 Ne3 33. Rg3 Qb2 34. a6 Nxg2 35. Bh7 Ne3+ 36. Rf3 Bxf3+ 37.
Nxf3 Rxh7+ 38. Nh2 Rh8 39. Qg7 Qc1+ 40. Qg1 Qd2 41.
a7+ Kxa7 42. Qa1+ Kxb7 43. Qb2+ Qxb2 0-1

[Event "Late-Titled-Tuesday-Blitz-May-28-2024"]
[Site "Chess.com"]
[Date "2024.05.28"]
[Round "3"]
[White "CheckBits"]
[Black "ahkashefi2800"]
[Result "0-1"]
[WhiteElo "2386"]
[BlackElo "2564"]
[TimeControl "180+1"]
[EndTime "14:29:06 PDT"]
[Termination "ahkashefi2800 won on time"]

1. e4 c6 2. Nf3 d5 3. Nc3 dxe4 4. Nxe4 Nd7 5. Bc4 Ngf6 6. Nxf6+ Nxf6 7. d4 Bf5 8. Ne5 e6 9. c3 Bd6 10. Qf3 Bg4 11.
Qg3 Bxe5 12. Qxe5 O-O 13. O-O h6 14. Bf4 Nd5 15. Bg3 Qf6 16. Rfe1 Qxe5 17. Rxe5 Bf5 18. h3 Rad8 19. Rae1 Bg6 20. f3 Rd7 21. h4 Rfd8 22. h5 Bf5 23. Bh4 Rc8 24. g4 Bh7 25. Bf2 b5 26.
Bb3 a5 27. a4 Rb8 28. axb5 Rxb5 29. Ba4 Rb6 30. c4 Nf4 31. Rxa5 Rd8 32. b3 Bc2 33. Rc1 Ne2+ 34. Kg2 Nxc1 35. d5 Rxb3 36. dxc6 Rb2 37. Bb5 Nd3 0-1

[Event "Late-Titled-Tuesday-Blitz-May-28-2024"]
[Site "Chess.com"]
[Date "2024.05.28"]
[Round "3"]
[White "Bala-Afiada"]
[Black "laskakid"]
[Result "0-1"]
[WhiteElo "2018"]
[BlackElo "2348"]
[TimeControl "180+1"]
[EndTime "14:29:06 PDT"]
[Termination "laskakid won by resignation"]

1. d4 f5 2. c4 Nf6 3. Nf3 g6 4. g3 Bg7 5. Bg2 O-O 6. O-O d6 7. b3 c6 8. Bb2 a5 9. Nbd2 Na6 10. e4 fxe4 11. Ng5 d5 12. a3 h6 13. Nh3 Bg4 14. Qc2 g5 15. Kh1 Qd7 16. Ng1 Bf5 17. Qd1 Nc7 18. Rc1 Rad8 19. cxd5 cxd5 20. Rc5 b6 21. Rc1 Rc8 22. Qe2 Ne6 23. f3 exf3 24. Ngxf3 Ne4 25. Ne5 Bxe5 26. dxe5 N4c5 27. Qh5 Kg7 28. Nf3 Bg6 29.
Qh3 Nd3 30. Rxc8 Rxc8 31. Nd4 Nxb2 32. Nxe6+ Kg8 33. Bxd5 Qxd5+ 34. Kg1 Qxe5 35. Qg2 Qe3+ 36. Kh1 Nd3 37. Rf2 Be4 38. Qxe4 Qxe4+ 39. Kg1 Nxf2 40. Kxf2 Rc2+ 0-1

[Event "Late-Titled-Tuesday-Blitz-May-28-2024"]
[Site "Chess.com"]
[Date "2024.05.28"]
[Round "3"]
[White "AryanTari"]
[Black "cristianserban1"]
[Result "1-0"]
[WhiteElo "3016"]
[BlackElo "2525"]
[TimeControl "180+1"]
[EndTime "14:29:08 PDT"]
[Termination "AryanTari won on time"]

1. a3 d5 2. Nf3 Nf6 3. d4 e6 4.
Bf4 c5 5. e3 Nc6 6. Nbd2 Qb6 7.
dxc5 Bxc5 8. b4 Be7 9. c4 O-O 10. Be2 Nh5 11. Bg5 Bxg5 12. Nxg5 Nf6 13. Qc2 h6 14. Ngf3 dxc4 15. Nxc4 Qc7 16. Rc1 Bd7 17. O-O Rac8 18. Qb2 Qb8 19. Rfd1 Ne7 20. Nfe5 Ba4 21. Re1 Rfd8 22. Bf3 Nc6 23. b5 Nxe5 24. Nxe5 Rxc1 25. Rxc1 a6 26. bxa6 bxa6 27. Qxb8 Rxb8 28. h4 Nd7 29. Nxd7 Bxd7 30. Rc7 Bb5 31. g4 Kf8 32. Kg2 Rd8 33. Be4 Bd3 34. Bb7 Bb5 35. Be4 Bd3 36. Bf3 Bb5 37. g5 hxg5 38. hxg5 Rd3 39. g6 fxg6 40. Be4 Rxa3 41. Bxg6 Be8 42. Rc8 Ke7 43. Rxe8+ Kf6 44. Be4 a5 45. Ra8 a4 46. Bc6 Rd3 47. Rxa4 1-0

[Event "Late-Titled-Tuesday-Blitz-May-28-2024"]
[Site "Chess.com"]
[Date "2024.05.28"]
[Round "3"]
[White "Cayse"]
[Black "el008"]
[Result "1-0"]
[WhiteElo "2853"]
[BlackElo "2572"]
[TimeControl "180+1"]
[EndTime "14:29:11 PDT"]
[Termination "Cayse won by checkmate"]

1. e4 c5 2. Nf3 e6 3. d4 cxd4 4.
Nxd4 a6 5. Be2 Nf6 6. Nc3 Qc7 7. O-O d6 8. f4 Nbd7 9. a4 b6 10. Kh1 Be7 11. Bf3 Bb7 12. Qe2 O-O 13. Be3 Rfe8 14. g4 e5 15. Nf5 exf4 16. Bxf4 Ne5 17. Bxe5 dxe5 18. g5 Nd7 19. Nd5 Bxd5 20. exd5 Bd6 21. Be4 Nf8 22. Rf3 Ng6 23. Rc3 Qd7 24. Rc6 Bc5 25.
a5 Rab8 26. axb6 Bxb6 27. Rxa6 Bd8 28. b3 Bxg5 29. Qg4 Qd8 30. Rd6 h5 31. Qxh5 Nf4 32.
Ne7+ Kf8 33. Qh7 Qxd6 34. Rxd6 Kxe7 35. Ra6 Bf6 36. d6+ Kd8 37. Bc6 Rf8 38. Ra7 Ne6 39. Qe4 Rc8 40. Rd7+ Ke8 41. Rb7+ Kd8 42. Qd5 Ra8 43.
Rd7+ Kc8 44. Bxa8 Kxd7 45. Qc6+ Kd8 46. Bb7 Rh8 47. Qc8# 1-0

[Event "Late-Titled-Tuesday-Blitz-May-28-2024"]
[Site "Chess.com"]
[Date "2024.05.28"]
[Round "3"]
[White "Umumba_FM"]
[Black "Supelyel"]
[Result "0-1"]
[WhiteElo "2617"]
[BlackElo "2476"]
[TimeControl "180+1"]
[EndTime "14:29:14 PDT"]
[Termination "Supelyel won by resignation"]

1. d4 d6 2. e4 Nf6 3. Nc3 e5 4. Nf3 Nbd7 5. Bc4 Be7 6. O-O O-O 7. Re1 c6 8. a4 h6 9. h3 Qc7 10. Be3 Re8 11. Qd2 Bf8 12. Rad1 b6 13. Ba2 Bb7 14.
Nh2 Rad8 15. f4 a6 16. Ng4 Nxg4 17. hxg4 b5 18. fxe5 dxe5 19. Rf1 Nf6 20. Qf2 exd4 21. Bxd4 Rxd4 22. Rxd4 Bc5 23. g5 Qb6 24. Rfd1 hxg5 25.
b4 Bxd4 26. Rxd4 c5 27. Nd5 Nxd5 28. Bxd5 Bxd5 29. Rxd5 bxa4 30. Rd7 Qe6 31. Rb7 cxb4 32. Rxb4 a3 33. Ra4 a2 34. c3 Qxe4 35. Rxa2 Qe1+ 36. Qxe1 Rxe1+ 37. Kf2 Rc1 38. Rxa6 Rxc3 39. Ra7 f6 40.
Rb7 Rc5 41. Ra7 Re5 42. Rb7 Kh7 43. Ra7 Kg6 44. Rb7 Rd5 45. Ra7 f5 46. Rb7 g4 47. Ra7 Kf6 48. Ra6+ Kg5 49. Ra7 g6 50. Ra6 f4 51. Rb6 g3+ 52. Kf3 Rd3+ 53. Ke2 Re3+ 54. Kf1 Ra3 55. Rb2 Kg4 56. Ke2 g5 57. Rc2 Ra1 58. Kd3 Rg1 59. Ke4 Rf1 60. Ke5 Rf2 61. Rc5 Rxg2 62. Kf6 Rf2 63. Rxg5+ Kf3 64. Ke5 Re2+ 65.
Kf5 g2 0-1

[Event "Late-Titled-Tuesday-Blitz-May-28-2024"]
[Site "Chess.com"]
[Date "2024.05.28"]
[Round "3"]
[White "Tol_Tol"]
[Black "Bilan_Danila"]
[Result "0-1"]
[WhiteElo "2360"]
[BlackElo "2553"]
[TimeControl "180+1"]
[EndTime "14:29:14 PDT"]
[Termination "Bilan_Danila won on time"]

1. d4 d5 2. c4 c6 3. Nf3 Nf6 4. Nc3 e6 5. Qd3 dxc4 6. Qxc4 b5 7. Qd3 b4 8. Ne4 a5 9. Bg5 Be7 10. Bxf6 Bxf6 11. Rc1 Ba6 12. Nxf6+ Qxf6 13. Qc2 O-O 14. g3 Nd7 15. Bg2 Rac8 16. O-O c5 17. dxc5 Nxc5 18.
Rfe1 Nd3 19. exd3 Rxc2 20. Rxc2 Bxd3 21. Rd2 Bc4 22. Ne5 Bxa2 23. Nd7 Qh6 24. f4 Re8 25. Ne5 Bd5 26. Bxd5 exd5 27. Rxd5 f6 28. Nf3 Rxe1+ 29. Nxe1 Qg6 30. Rxa5 Qb1 31. Kf1 Qxb2 32. Ra8+ Kf7 33.
Ra7+ Kg6 34. g4 Qxh2 35. f5+ Kh6 36. g5+ fxg5 37. Ra6+ Kh5 38. f6 Qf4+ 39. Kg1 Qd4+ 40. Kg2 Qd5+ 41. Kf1 Qb5+ 0-1

[Event "Late-Titled-Tuesday-Blitz-May-28-2024"]
[Site "Chess.com"]
[Date "2024.05.28"]
[Round "3"]
[White "RaugintaBulba"]
[Black "ValeriyGrinev"]
[Result "0-1"]
[WhiteElo "2432"]
[BlackElo "2593"]
[TimeControl "180+1"]
[EndTime "14:29:16 PDT"]
[Termination "ValeriyGrinev won by checkmate"]

1. d4 d5 2. c4 dxc4 3. e3 Nf6 4. Bxc4 e6 5. Nf3 a6 6. O-O b5 7.
Be2 Bb7 8. b3 Nbd7 9. Bb2 c5 10.
Nbd2 Be7 11. Rc1 Rc8 12. dxc5 Bxc5 13. Ne5 O-O 14. Ndf3 Qe7 15. Nxd7 Nxd7 16. Bd3 Rfd8 17. Nd4 Ne5 18. Bxh7+ Kxh7 19. Qh5+ Kg8 20. Qxe5 Bxd4 21. Bxd4 f6 22. Qg3 e5 23. Bb6 Rxc1 24. Rxc1 Rc8 25.
Rxc8+ Bxc8 26. Qf3 Bb7 27. Qd1 Qe6 28. Bc5 Qc6 29.
Qd8+ Kh7 30. Qd3+ Kh6 31. e4 Qxc5 32. Qh3+ Kg6 33. Qf5+ Kf7 34. Qd7+ Qe7 35. Qd3 Qc7 36. f3 Qc5+ 37. Kf1 Bc6 38. Qd8 b4 39. g3 Kg6 40.
Kg2 Bb5 41. Qd2 Qd4 42. Qc1 Qd3 43. h4 Qe2+ 44. Kh3 Qxf3 45. Qe1 Bf1+ 46. Kh2 Qg2# 0-1

[Event "Late-Titled-Tuesday-Blitz-May-28-2024"]
[Site "Chess.com"]
[Date "2024.05.28"]
[Round "3"]
[White "Lavandum24"]
[Black "Viktor_Poddubnyi"]
[Result "0-1"]
[WhiteElo "1775"]
[BlackElo "2312"]
[TimeControl "180+1"]
[EndTime "14:29:16 PDT"]
[Termination "Viktor_Poddubnyi won by resignation"]

1. d4 g6 2. e4 Bg7 3. Nc3 d6 4.
f4 Nf6 5. Nf3 O-O 6. Bd3 Nc6 7.
O-O e5 8. d5 Nd4 9. Nxd4 exd4 10. Ne2 Ng4 11. h3 Ne3 12. Bxe3 dxe3 13. Qc1 c6 14. c3 cxd5 15. Qxe3 dxe4 16. Bxe4 Re8 17. Qf3 Qb6+ 18. Kh1 Qxb2 19. Rfb1 Qa3 20. Bxb7 Rb8 21. Bxc8 Rxb1+ 22. Rxb1 Qxa2 23. Rb8 Bf8 24. Ng1 Qa5 25.
Qc6 Rd8 26. Rb7 Qa2 27. Qc7 Re8 28. Qxf7+ Qxf7 29. Rxf7 Kxf7 30. Bd7 Rd8 31. Bc6 Rc8 32. Bd5+ Kf6 33. c4 a5 34. Ne2 a4 35. Nc3 a3 36.
Na2 Rb8 37. Kh2 Rb2 38. c5 dxc5 39. Kg3 Bd6 40. Kf3 g5 41. fxg5+ Kxg5 42. Ke3 Kf6 43. Kd3 Ke5 44. Bc4 Rxg2 45. Kc3 Rg3+ 46. Kc2 Kd4 47. Bf7 Rxh3 0-1